 Dungeon Crawl Stone Soup version 0.28-a0-178-ga708605c5b (webtiles) character file.

Game seed: 1923363478985399733

249360 timneilson the Tortoise (level 19, -5/121 HPs)
             Began as a Gargoyle Fighter on Aug 17, 2021.
             Was a High Priest of Okawaru.
             Slain by a vault warden (29 damage)
             ... on level 1 of the Vaults on Aug 18, 2021.
             The game lasted 01:31:27 (30107 turns).

timneilson the Tortoise (Gargoyle Fighter)         Turns: 30107, Time: 01:31:28

Health: -5/121     AC: 46    Str: 33    XL:     19   Next: 59%
Magic:  24/25      EV:  9    Int: 10    God:    Okawaru [*****.]
Gold:   3225       SH: 16    Dex: 13    Spells: 18/18 levels left

rFire   + . .      SeeInvis .   j - +8 autumn katana {vorpal, Clar}
rCold   . . .      Faith    .   s - +2 kite shield
rNeg    + . .      Spirit   .   F - +1 plate armour {rF+}
rPois   ∞          Reflect  .   i - +1 helmet
rElec   +          Harm     .   u - +1 cloak
rCorr   +          Rampage  .   r - +2 pair of gloves
Will    ++...      Clarity  +   d - +0 pair of boots
Stlth   ..........              n - amulet of regeneration
HPRegen 1.30/turn               H - ring "Heluutioth" {Will+ rCorr Dex+4}
MPRegen 0.19/turn               U - +6 ring of strength

@: finesse-ful, marked, flying
A: sickness immunity, AC +14, big wings, negative energy resistance 1,
electricity resistance, torment resistance 1, petrification resistance,
MP-powered wands
}: 2/15 runes: decaying, gossamer
a: Renounce Religion, Heroism, Finesse, Duel


You were on level 1 of the Vaults.
You worshipped Okawaru.
Okawaru was extremely pleased with you.
You visited 8 branches of the dungeon, and saw 34 of its levels.
You visited the Abyss 1 time.
You also visited: Sewer.

You collected 3225 gold pieces.

Inventory:

Hand Weapons
 j - the +8 autumn katana (weapon) {vorpal, Clar}
   (You acquired it on level 7 of the Dungeon)

   It inflicts extra damage upon your enemies.
   Clar:      It protects you against confusion.
 N - a +2 scimitar of flaming
Armour
 d - a +0 pair of boots (worn)
 i - a +1 helmet (worn)
 r - a +2 pair of gloves (worn)
 s - a +2 kite shield (worn)
 u - a +1 cloak (worn)
 F - a +1 plate armour of fire resistance (worn)
Jewellery
 a - a ring of protection from fire
 n - an amulet of regeneration (around neck)
 x - the ring of Zoam {Fire rElec rPois Will+ Int-2}
   (You found it on level 8 of the Dungeon)

   [ring of fire]

   It enhances your fire magic.
   Int:       It affects your intelligence (-2).
   rF:        It protects you from fire.
   rC:        It makes you vulnerable to cold.
   rElec:     It insulates you from electricity.
   rPois:     It protects you from poison.
   Will:      It increases your willpower.
 H - the ring "Heluutioth" (left hand) {Will+ rCorr Dex+4}
   (You acquired it on level 11 of the Dungeon)

   [ring of willpower]

   Dex:       It affects your dexterity (+4).
   rCorr:     It protects you from acid and corrosion.
   Will:      It increases your willpower.
 U - a +6 ring of strength (right hand)
 X - the ring of Fragile Peace {rPois rN+ Will++ Dex+4}
   (You acquired it on level 1 of the Spider Nest)

   [ring of positive energy]

   Dex:       It affects your dexterity (+4).
   rPois:     It protects you from poison.
   rN:        It protects you from negative energy.
   Will:      It greatly increases your willpower.
Wands
 k - a wand of digging (6)
 o - a wand of polymorph (8)
 t - a wand of flame (59)
 w - a wand of acid (29)
 y - a wand of iceblast (27)
Scrolls
 b - 13 scrolls of teleportation
 c - 4 scrolls of enchant armour
 l - 5 scrolls of enchant weapon
 v - 3 scrolls of fear
 B - 6 scrolls of fog
 D - 5 scrolls of magic mapping
 L - 14 scrolls of identify
 M - a scroll of holy word
Potions
 e - 3 potions of cancellation
 f - 9 potions of curing
 g - 3 potions of attraction
 h - 8 potions of lignification
 p - a potion of brilliance
 q - 8 potions of haste
 z - 5 potions of mutation
 A - 2 potions of berserk rage
 J - a potion of resistance
 P - a potion of invisibility
 Q - 2 potions of might
 S - 2 potions of ambrosia
Miscellaneous
 m - a lightning rod (4/4)
 W - a tin of tremorstones (2/2)


   Skills:
 + Level 14.2 Fighting
 * Level 16.0 Long Blades
 * Level 20.2 Armour
 * Level 18.8 Shields
 + Level 8.3 Invocations
 + Level 6.7 Evocations


You had 18 spell levels left.
You didn't know any spells.
Your spell library contained the following spells:

 Spells                   Type           Power      Damage    Failure   Level
 Apportation              Tloc           0%         N/A       80%         1
 Beastly Appendage        Tmut           0%         N/A       80%         1
 Corona                   Hex            0%         N/A       80%         1
 Freeze                   Ice            0%         1d3       80%         1
 Corpse Rot               Necr/Air       N/A        N/A       90%         2
 Ensorcelled Hibernation  Hex/Ice        0%         N/A       90%         2
 Passwall                 Tmut/Erth      0%         N/A       90%         2
 Slow                     Hex            0%         N/A       90%         2
 Static Discharge         Conj/Air       0%         N/A       90%         2
 Wereblood                Tmut           0%         N/A       90%         2
 Confusing Touch          Hex            0%         N/A       99%         3
 Dazzling Flash           Conj/Hex       0%         N/A       99%         3
 Frozen Ramparts          Ice            0%         1d2       99%         3
 Gell's Gravitas          Tloc           0%         N/A       99%         3
 Portal Projectile        Hex/Tloc       0%         N/A       99%         3
 Spider Form              Tmut/Pois      0%         N/A       99%         3
 Swiftness                Air            0%         N/A       99%         3
 Teleport Other           Tloc           0%         N/A       99%         3
 Dispel Undead            Necr           0%         3d6       100%        4
 Hailstorm                Conj/Ice       0%         3d3       100%        4
 Leda's Liquefaction      Hex/Erth       0%         N/A       100%        4
 Petrify                  Tmut/Erth      0%         N/A       100%        4
 Agony                    Necr           0%         N/A       100%        5
 Lightning Bolt           Conj/Air       0%         1d11      100%        5
 Metabolic Englaciation   Hex/Ice        0%         N/A       100%        5
 Silence                  Hex/Air        0%         N/A       100%        5
 Yara's Violent Unravell  Hex/Tmut       0%         3d3       100%        5
 Dispersal                Tloc           0%         N/A       100%        6
 Invisibility             Hex            0%         N/A       100%        6
 Orb of Destruction       Conj           0%         N/A       100%        7
 Maxwell's Capacitive Co  Air            0%         ∞         100%        8
 Animate Skeleton         Necr           Unusable   N/A       N/A         1
 Summon Small Mammal      Summ           Unusable   N/A       N/A         1
 Call Canine Familiar     Summ           Unusable   N/A       N/A         3
 Summon Guardian Golem    Hex/Summ       Unusable   N/A       N/A         3
 Death Channel            Necr           Unusable   N/A       N/A         6
 Shadow Creatures         Summ           Unusable   N/A       N/A         6
 Statue Form              Tmut/Erth      Unusable   N/A       N/A         6
 Spellforged Servitor     Conj/Summ      Unusable   N/A       N/A         7

Dungeon Overview and Level Annotations

Branches:
Dungeon (15/15)            Temple (1/1) D:6            Lair (6/6) D:9
  Swamp (4/4) Lair:3       Spider (4/4) Lair:2        Slime (0/5) Lair:5
    Orc (2/2) D:10            Elf (0/3) Orc:2        Vaults (1/5) D:13
 Depths (1/5) D:15          Sewer (visited)

Altars:
Ashenzari
Cheibriados
Dithmenos
Elyvilon
Fedhas
Gozag
Hepliaklqana
Kikubaaqudgha
Makhleb
Nemelex Xobeh
Okawaru
Qazlal
Ru
Sif Muna
Trog
Uskayaw
Vehumet
Wu Jian
Xom
Yredelemnul
Zin
The Shining One
Beogh
Jiyva

Shops:
D:4 (=   D:6 :   D:9 :   Orc:2 :([?[   Vaults:1 (!

Annotations:
D:8 3 runed translucent doors, indyram44's ghost, novice DsBe
D:14 1 runed translucent door, Roxanne
Lair:5 1 runed translucent door, exclusion: 2 oklob plants
Lair:6 exclusion: 2 oklob plants
Swamp:1 3 runed translucent doors, HilariousDeathArtist's ghost, adept DjAr


Innate Abilities, Weirdness & Mutations

You are immune to sickness and miasma.
Your stone body is resilient. (AC +14)
You are immune to poison.
Your large and strong wings let you fly.
You resist negative energy. (rN+)
You are resistant to electric shocks. (rElec)
You are resistant to unholy torment.
You are immune to petrification.
You expend magic power (3 MP) to strengthen your wands.


Message History

You kill the vault sentinel!
Okawaru accepts your kill.
You feel like a meek peon again.
You slice the vault guard!!
The vault guard is moderately wounded.
The vault warden activates a sealing rune.
The vault guard barely misses you.
You riposte.
You open the vault guard like a pillowcase!!!
The vault guard is almost dead.
You slice the vault guard!!
You kill the vault guard!
Okawaru accepts your kill.
The yaktaur captain hits you but does no damage.
You slash the yaktaur captain!
The yaktaur captain is moderately wounded.
You chop the yaktaur captain into pieces!!!
The yaktaur captain is severely wounded.
The vault warden hits you from afar with a +1 bardiche.
You barely miss the yaktaur captain.
The yaktaur captain is severely wounded.
You slice the yaktaur captain!!
You kill the yaktaur captain!
Okawaru accepts your kill.
The vault warden hits you with a +1 bardiche!!
* * * LOW HITPOINT WARNING * * *
Found a +0 morningstar, 55 gold pieces and a hunting sling.
There is an open door, spattered with blood here.
You slice the vault warden!!
The vault warden is moderately wounded.
The vault warden hits you but does no damage.
You barely miss the vault warden.
The vault warden is moderately wounded.
You hit the vault warden.
The vault warden is moderately wounded.
You slice the vault warden like a ripe choko!!!
The vault warden is almost dead.
You closely miss the vault warden.
The vault warden is almost dead.
The vault warden hits you with a +1 bardiche!!
You die...

######.................
.......................
.......................
############+##########
#....#.........# #.
#....+.........# #.
#..))########### #.
#..)(#)$.)+ #.
#..))@p./$# #.
########### #. ##


You could see a vault warden.

Vanquished Creatures
  Mara (Spider:4)
  Bai Suzhen (Spider:3)
  Arachne (Spider:4)
  A lich (Depths:1)
  A kraken (Abyss:5)
  A thorn hunter (Swamp:4)
  Donald (Vaults:1)
  A fenstrider witch (Swamp:4)
  5 ghost moths (Spider:4)
  2 vault wardens (Vaults:1)
  4 emperor scorpions
  A balrug (Abyss:5)
  2 ironbound preservers (Vaults:1)
  The ghost of Thraspic the Protected, an adept VSGl of Fedhas (Spider:1)
  A war gargoyle (Vaults:1)
  8 very ugly things
  2 dire elephants (Vaults:1)
  6 entropy weavers
  4 bunyips
  Snorg (Orc:1)
  2 eleionomae
  4 shambling mangroves (Swamp:4)
  A fire dragon (Lair:6)
  3 great orbs of eyes
  A yaktaur captain (Vaults:1)
  2 vault guards (Vaults:1)
  38 hydras
  An ironbound thunderhulk (Vaults:1)
  2 boulder beetles
  2 ghost crabs (Swamp:4)
  2 death knights (D:15)
  8 centaur warriors
  2 catoblepae
  5 two-headed ogres
  2 dancing weapons (D:13)
  4 alligators
  3 death yaks (Lair:3)
  Urug (D:11)
  5 tengu warriors
  3 thrashing horrors (Abyss:5)
  A shock serpent (shapeshifter) (Vaults:1)
  A sun demon (Abyss:5)
  An ironbound beastmaster (Vaults:1)
  An orc high priest (Orc:2)
  21 slime creatures
  5 spriggans
  2 wretched stars (Abyss:5)
  4 goliath frogs
  5 deep trolls (Vaults:1)
  10 swamp dragons
  2 lindwurms (Lair:6)
  A spriggan druid (Swamp:3)
  Pikel (D:8)
  A glowing orange brain (Vaults:1)
  2 wizards
  6 bog bodies
  3 ironbound convokers (Vaults:1)
  25 orb spiders
  5 ugly things
  3 deep elf pyromancers
  5 orc sorcerers
  3 orc knights
  4 will-o-the-wisps
  3 cyclopes
  2 manticores (D:14)
  17 wolf spiders
  A worldbinder (Abyss:5)
  A moth of wrath (Spider:4)
  4 black mambas
  17 elephants
  A vault sentinel (Vaults:1)
  5 torpor snails
  3 rime drakes
  Maggie (D:6)
  12 cane toads
  A hellion (Abyss:5)
  An efreet (D:14)
  5 yaktaurs (Vaults:1)
  10 demonic crawlers
  8 komodo dragons
  2 red devils (Abyss:5)
  A komodo dragon (shapeshifter) (D:14)
  6 trolls
  A queen bee (shapeshifter) (D:15)
  43 jumping spiders
  A meliai (shapeshifter) (D:11)
  2 ancient zymes (Abyss:5)
  16 hornets
  15 blink frogs
  12 tyrant leeches
  6 dream sheep
  A raiju (shapeshifter) (D:14)
  A raiju (Abyss:5)
  4 vampires
  69 redbacks
  A flying skull (Abyss:5)
  Sigmund (D:3)
  21 tarantellas
  5 wyverns
  2 wraiths
  10 basilisks
  57 yaks
  Eustachio (D:5)
  26 vampire mosquitoes
  4 golden eyes (Abyss:5)
  2 steam dragons
  A neqoxec (Abyss:5)
  15 swamp worms
  5 wargs
  5 acid dragons
  Edmund (D:5)
  A water moccasin (shapeshifter) (D:11)
  12 water moccasins
  Purgy (Sewer)
  16 swamp drakes
  2 ice beasts (D:7)
  28 orc warriors
  3 black bears
  A sky beast (D:7)
  3 wolves (Lair:2)
  2 ogres
  A wolf (shapeshifter) (D:14)
  8 centaurs
  A phantom (D:6)
  3 kobold brigands
  17 bullfrogs
  6 scorpions
  A gnoll sergeant (D:10)
  2 wyvern zombies
  A water moccasin skeleton (D:5)
  A wyvern skeleton (D:7)
  9 killer bees
  2 electric eels
  A bullfrog zombie (D:6)
  A howler monkey (D:11)
  2 centaur zombies
  A jelly (D:7)
  2 hounds
  23 orc priests
  Crazy Yiuf (D:6)
  A gnoll shaman (D:9)
  An iron imp (D:3)
  Jessica (D:3)
  5 iguanas
  Terence (D:3)
  37 orc wizards
  2 killer bee zombies
  2 howler monkey zombies (D:6)
  9 gnolls
  2 adders (D:4)
  A river rat (D:4)
  2 shadow imps (D:6)
  A white imp (D:6)
  An ufetubus (D:6)
  3 worms
  3 dart slugs
  71 orcs
  6 endoplasms
  9 giant cockroaches
  8 goblins
  2 hobgoblins
  4 jackals
  5 quokkas
  7 ball pythons
  6 bats
  3 frilled lizards (D:2)
  28 kobolds
  4 rats
1054 creatures vanquished.

Vanquished Creatures (others)
  A swamp dragon (Swamp:4)
  2 bloated husks (Swamp:2)
  2 jumping spiders (Spider:4)
  2 hornets
  A spriggan (Swamp:4)
  An orc wizard (Orc:2)
  3 briar patches (Swamp:4)
  2 bushes (Lair:2)
  26 foxfires
  20 fungi
  65 plants
  4 starspawn tentacles
  4 tentacles (Abyss:5)
133 creatures vanquished.

Grand Total: 1187 creatures vanquished

Notes
Turn   | Place    | Note
-------+----------+-------------------------------------------
     0 | D:1      | timneilson the Gargoyle Fighter began the quest for the
                  | Orb.
     0 | D:1      | Reached XP level 1. HP: 14/14 MP: 1/1
    72 | D:1      | Reached XP level 2. HP: 15/19 MP: 2/2
   671 | D:1      | Found a faded altar of an unknown god.
   804 | D:1      | Reached XP level 3. HP: 23/23 MP: 3/3
  1801 | D:3      | Found a stormy altar of Qazlal.
  1801 | D:3      | Found a blossoming altar of Fedhas.
  1850 | D:3      | Noticed Jessica
  1862 | D:3      | Killed Jessica
  1863 | D:3      | Reached skill level 4 in Armour
  1863 | D:3      | Reached XP level 4. HP: 15/28 MP: 4/4
  2440 | D:3      | Noticed Terence
  2462 | D:3      | Killed Terence
  2463 | D:3      | Reached XP level 5. HP: 16/33 MP: 5/5
  2656 | D:3      | Noticed Sigmund
  2663 | D:3      | Killed Sigmund
  2664 | D:3      | Reached XP level 6. HP: 24/38 MP: 6/6
  2785 | D:3      | Found a snail-covered altar of Cheibriados.
  2970 | D:3      | Reached skill level 5 in Shields
  2977 | D:3      | Reached skill level 5 in Armour
  3348 | D:4      | Found Avix's Antique Weapon Boutique.
  3454 | D:4      | Found a glowing drain.
  3463 | Sewer    | Entered a sewer
  3516 | Sewer    | Noticed Purgy
  3594 | Sewer    | Killed Purgy
  3595 | Sewer    | Reached XP level 7. HP: 27/44 MP: 4/7
  4293 | D:4      | Found Hiupryr's Jewellery Shoppe.
  4398 | D:5      | Entered Level 5 of the Dungeon
  4664 | D:5      | Noticed Edmund
  4691 | D:5      | Killed Edmund
  4840 | D:5      | Reached skill level 6 in Armour
  4840 | D:5      | Reached XP level 8. HP: 27/48 MP: 8/8
  5044 | D:5      | Reached skill level 5 in Fighting
  5081 | D:5      | Noticed Eustachio
  5129 | D:5      | Killed Eustachio
  5488 | D:6      | Found a bloodstained altar of Trog.
  5502 | D:6      | Reached skill level 5 in Long Blades
  5657 | D:6      | Reached skill level 7 in Armour
  5678 | D:6      | Identified the +11 hunting sling of Ru's Generosity
                  | {vorpal, rElec Str+3 Int+3}
  5790 | D:6      | Found a glowing golden altar of the Shining One.
  5906 | D:6      | Found Kialirr's Book Boutique.
  5916 | D:6      | Reached XP level 9. HP: 54/54 MP: 9/9
  5939 | D:6      | Found a staircase to the Ecumenical Temple.
  5954 | Temple   | Entered the Ecumenical Temple
  6072 | D:6      | Noticed Maggie
  6075 | D:6      | Found a sacrificial altar of Ru.
  6094 | D:6      | Killed Maggie
  6242 | D:6      | Found a runed translucent door.
  6243 | D:6      | Noticed Crazy Yiuf
  6272 | D:6      | Killed Crazy Yiuf
  6432 | D:6      | Reached skill level 8 in Armour
  6433 | D:6      | Found a shimmering blue altar of Sif Muna.
  7262 | D:7      | Identified a scroll of acquirement
  7262 | D:7      | Acquired the +8 autumn katana {vorpal, Clar}
  7263 | D:7      | Found the +8 autumn katana {vorpal, Clar}
  7317 | D:8      | Found a basalt altar of Yredelemnul.
  7318 | D:8      | Found a shimmering altar of Xom.
  7321 | D:8      | Reached XP level 10. HP: 56/61 MP: 10/10
  7321 | D:8      | Found an iron altar of Okawaru.
  7380 | D:8      | Noticed a two-headed ogre
  7387 | D:8      | Killed a two-headed ogre
  7388 | D:8      | Reached skill level 9 in Armour
  7509 | D:8      | Noticed Pikel
  7519 | D:8      | Killed Pikel
  7538 | D:8      | Found a runed translucent gate.
  7539 | D:8      | Found a runed translucent gate.
  7539 | D:8      | Found a runed translucent gate.
  7540 | D:8      | Noticed indyram44's ghost (novice DsBe)
  7699 | D:8      | Identified the ring of Zoam {Fire rElec rPois Will+ Int-2}
  8193 | D:9      | Found Iplice's Book Shop.
  8415 | D:9      | Found a staircase to the Lair.
  8979 | D:10     | Entered Level 10 of the Dungeon
  8990 | D:10     | Found a staircase to the Orcish Mines.
  8997 | D:10     | Reached skill level 10 in Armour
  8999 | D:10     | Reached skill level 10 in Shields
  9142 | D:10     | Found an opulent altar of Gozag.
  9162 | D:10     | Found an ancient bone altar of Kikubaaqudgha.
  9171 | D:10     | Reached XP level 11. HP: 45/67 MP: 11/11
  9411 | D:10     | Found a blossoming altar of Fedhas.
  9411 | D:10     | Noticed a two-headed ogre
  9428 | D:10     | Killed a two-headed ogre
  9727 | D:10     | Found a white marble altar of Elyvilon.
  9928 | D:11     | Noticed a cyclops
  9936 | D:11     | Killed a cyclops
  9973 | D:11     | Noticed an orb spider
  9979 | D:11     | an orb spider changed into a meliai
 10053 | D:11     | Noticed Urug
 10069 | D:11     | Killed Urug
 10283 | D:11     | Acquired the ring "Heluutioth" {Will+ rCorr Dex+4}
 10327 | D:12     | Noticed a deep elf pyromancer
 10341 | D:12     | Killed a deep elf pyromancer
 10342 | D:12     | Reached skill level 11 in Armour
 10430 | Lair:1   | Entered Level 1 of the Lair of Beasts
 10708 | Lair:1   | Reached XP level 12. HP: 73/75 MP: 12/12
 11445 | Lair:2   | Noticed a four-headed hydra
 11447 | Lair:2   | Reached skill level 10 in Long Blades
 11464 | Lair:2   | Killed a one-headed hydra
 11465 | Lair:2   | Reached skill level 12 in Armour
 11545 | Lair:2   | Found a hole to the Spider Nest.
 11693 | Lair:2   | Noticed a seven-headed hydra
 11703 | Lair:2   | Killed a two-headed hydra
 11972 | Lair:2   | Noticed an eight-headed hydra
 11985 | Lair:2   | Killed a four-headed hydra
 12019 | Lair:2   | Noticed an eight-headed hydra
 12031 | Lair:2   | Killed a two-headed hydra
 12032 | Lair:2   | Reached XP level 13. HP: 55/81 MP: 13/13
 12282 | Lair:3   | Found a staircase to the Swamp.
 12333 | Lair:3   | Reached skill level 13 in Armour
 12429 | Lair:3   | Reached skill level 10 in Fighting
 13605 | Lair:4   | Gained mutation: Your large and strong wings let you fly.
                  | [Gargoyle growth]
 13605 | Lair:4   | Reached XP level 14. HP: 87/88 MP: 14/14
 14088 | Lair:5   | Reached skill level 14 in Armour
 14195 | Lair:5   | Found a runed translucent door.
 14196 | Lair:5   | Found a viscous altar of Jiyva.
 14198 | Lair:5   | Found a staircase to the Slime Pits.
 14669 | Lair:6   | Entered Level 6 of the Lair of Beasts
 15292 | Lair:6   | Found the +2 robe of Vines {NoPotionHeal Regen+++}
 15860 | Orc:1    | Entered Level 1 of the Orcish Mines
 15874 | Orc:1    | Noticed Snorg
 15895 | Orc:1    | Killed Snorg
 16087 | Orc:2    | Entered Level 2 of the Orcish Mines
 16087 | Orc:2    | Found Lufeog's Book Shoppe.
 16268 | Orc:1    | Reached skill level 15 in Shields
 16322 | Orc:2    | Reached XP level 15. HP: 95/95 MP: 15/15
 16344 | Orc:2    | Reached skill level 15 in Armour
 16531 | Orc:2    | Paralysed by an orc sorcerer for 5 turns
 16545 | Orc:2    | Found Zoedd's Magic Scroll Shoppe.
 16545 | Orc:2    | Found Watoraepp's Armour Shoppe.
 16550 | Orc:2    | Found Nyarhukani's Antique Armour Emporium.
 16553 | Orc:2    | Found Epuq Fat's Weapon Emporium.
 16907 | Orc:2    | Found a staircase to the Elven Halls.
 17612 | D:8      | Became a worshipper of Warmaster Okawaru
 17883 | D:12     | Reached * piety under Okawaru
 18765 | D:13     | Found a gate to the Vaults.
 18814 | D:13     | Reached ** piety under Okawaru
 19412 | D:14     | Reached *** piety under Okawaru
 19543 | D:14     | Identified Roxanne's Disquisition on Stones
 19543 | D:14     | Noticed Roxanne
 19574 | D:14     | Found a runed translucent door.
 19915 | D:14     | Identified the +5 battleaxe of Oenomania {speed, rC++}
 19971 | D:15     | Entered Level 15 of the Dungeon
 20069 | D:15     | Reached **** piety under Okawaru
 20389 | D:15     | Found a staircase to the Depths.
 20595 | D:15     | Reached skill level 16 in Armour
 20639 | D:15     | Found an ancient bone altar of Kikubaaqudgha.
 20755 | D:15     | Reached skill level 1 in Invocations
 20755 | D:15     | Reached XP level 16. HP: 70/101 MP: 16/16
 21127 | Depths:1 | Entered Level 1 of the Depths
 21183 | Depths:1 | Reached skill level 1 in Evocations
 21262 | Depths:1 | Reached ***** piety under Okawaru
 21324 | Depths:1 | Noticed a lich
 21331 | Depths:1 | HP: 4/101 [disintegration (44)]
 21332 | Depths:1 | Killed a lich
 21544 | Swamp:1  | Entered Level 1 of the Swamp
 21553 | Swamp:1  | Found a runed translucent gate.
 21553 | Swamp:1  | Found a runed translucent gate.
 21555 | Swamp:1  | Found a runed translucent gate.
 21573 | Swamp:1  | Noticed HilariousDeathArtist's ghost (adept DjAr)
 21703 | Swamp:1  | Identified the +1 plate armour of the Depths {+Inv rC-
                  | Dex-5 SInv} (Okawaru gifted it to you on level 1 of the
                  | Swamp)
 21703 | Swamp:1  | Received a gift from Okawaru
 22005 | Swamp:1  | Acquired a manual of Armour
 22645 | Swamp:3  | Identified the +9 flail of Defence by Offence {vorpal,
                  | Int+3}
 23211 | Swamp:4  | Entered Level 4 of the Swamp
 23279 | Swamp:4  | Reached skill level 17 in Armour
 23441 | Swamp:4  | Reached XP level 17. HP: 108/108 MP: 20/20
 23562 | Swamp:4  | Got a decaying rune of Zot
 23597 | Swamp:4  | Reached ****** piety under Okawaru
 23652 | Swamp:4  | Identified the +6 scale mail "Nooxa" {Str+5 Dex-3} (Okawaru
                  | gifted it to you on level 4 of the Swamp)
 23652 | Swamp:4  | Received a gift from Okawaru
 23847 | Swamp:4  | Reached skill level 5 in Invocations
 24288 | Spider:1 | Entered Level 1 of the Spider Nest
 24322 | Spider:1 | Reached skill level 18 in Armour
 24559 | Spider:1 | Found a large runed translucent door.
 24559 | Spider:1 | Found a large runed translucent door.
 25293 | Spider:1 | Noticed Thraspic's ghost (adept VSGl)
 25651 | Spider:1 | Killed Thraspic's ghost
 25682 | Spider:1 | Acquired the ring of Fragile Peace {rPois rN+ Will++ Dex+4}
 25874 | Spider:2 | Received a gift from Okawaru
 26328 | Spider:3 | Reached skill level 15 in Long Blades
 26433 | Spider:3 | Noticed Bai Suzhen
 26434 | Spider:3 | Reached XP level 18. HP: 114/114 MP: 17/22
 26452 | Spider:3 | Killed Bai Suzhen
 26453 | Spider:3 | Reached skill level 5 in Evocations
 27061 | Spider:4 | Entered Level 4 of the Spider Nest
 27122 | Spider:4 | Noticed Mara
 27160 | Spider:4 | Killed Mara
 27161 | Spider:4 | Reached skill level 19 in Armour
 27372 | Spider:4 | Noticed Arachne
 27527 | Spider:4 | Killed Arachne
 27978 | Spider:4 | Got a gossamer rune of Zot
 28194 | Spider:4 | Received a gift from Okawaru
 28919 | Vaults:1 | Entered Level 1 of the Vaults
 28996 | Vaults:1 | Reached XP level 19. HP: 120/120 MP: 24/24
 29115 | Vaults:1 | Found Gajist's Distillery.
 29117 | Vaults:1 | Found Caikhleot's Antique Weapon Emporium.
 29137 | Vaults:1 | Noticed Donald
 29158 | Vaults:1 | Killed Donald
 29232 | Vaults:1 | Received a gift from Okawaru
 29233 | Vaults:1 | Reached skill level 20 in Armour
 29449 | Vaults:1 | Cast into level 3 of the Abyss (a wizard)
 29524 | Abyss:5  | Entered Level 5 of the Abyss
 29653 | Abyss:5  | Gained mutation: You expend magic power (3 MP) to
                  | strengthen your wands. [a neqoxec]
 29730 | Abyss:5  | Noticed a bone dragon
 29764 | Abyss:5  | Found a corrupted altar of Lugonu.
 29768 | Abyss:5  | HP: 3/121 [large abomination (18)]
 29770 | Vaults:1 | Escaped the Abyss
 30107 | Vaults:1 | Slain by a vault warden

Illustrated notes

Levels and vault maps discovered:
D:1:      eino_arrival_water_cross, layout_basic,
          hellmonk_ecumenical_altar_slurped_away
D:2:      layout_basic
D:3:      layout_loops_ring, slow_altar_2,
          grunt_temple_overflow_forces_of_nature,
          chequers_serial_rivers_small_3, kennysheep_orc_chapel, uniq_sigmund,
          uniq_jessica, uniq_terence
D:4:      layout_basic, portal_sewer_entry_b, serial_shops, nicolae_shop_trees,
          minmay_shop_grid_forest
D:5:      layout_gridville, uniq_edmund, uniq_eustachio
D:6:      layout_rooms, mainiacjoe_overflow_cross_hatched, bloody_trog,
          nicolae_tso_carved_into_rock, mainiacjoe_overflow_alcove_4,
          minmay_temple_entry_glass, nicolae_stop_n_shop_2,
          minmay_joined_circles, uniq_crazy_yiuf_cottage, uniq_maggie
D:7:      layout_cave_pods, serial_rivers, chequers_serial_rivers_marsh,
          chequers_serial_rivers_micro_b, chequers_serial_rivers_micro_b,
          chequers_serial_rivers_large_b, chequers_serial_rivers_marsh,
          chequers_serial_rivers_micro_d
D:8:      layout_loops_ring, chequers_temple_overflow_statue_of_worship,
          ebering_ghost_rock_garden, uniq_pikel
D:9:      layout_cave_pods, lair_entry_dummy, serial_column_ruins,
          column_ruins_hut_ruined, column_ruins_hut, column_ruins_grid_1,
          column_ruins_open_large, column_ruins_columns_straight,
          column_ruins_open_small, column_ruins_open_medium, serial_shops,
          kennysheep_mini_moat, kennysheep_decorative_pillar
D:10:     layout_gridville, mainiacjoe_overflow_alcove_1,
          nicolae_gozag_cash_rules_everything_around_me,
          minmay_orc_entry_guard_dogs, hangedman_decor_growths,
          hangedman_feature_mirror
D:11:     layout_long_grid, lemuel_old_faithful, uniq_urug
D:12:     layout_roguey, minmay_diced_spiral
D:13:     layout_small_grid, erik_vaults_1
D:14:     layout_rooms, gammafunk_ghost_grave, st_stairs_9,
          minmay_fractal_squares_gapless_7, uniq_roxanne
D:15:     hangedman_depths_entry_try_elsewhere_first, layout_loops_corners,
          nicolae_kikubaaqudgha_miasma_corner
Temple:   zaba_magenta_temple
Lair:1:   layout_regular_city, lemuel_fruit_tree, serial_bayou_shore_b,
          grunt_megastairs_5
Lair:2:   nzn_winding_woodlands_medium [nzn_winding_woodlands_5x5_open_star,
          nzn_winding_woodlands_5x15_default,
          nzn_winding_woodlands_5x5_perimeter, nzn_winding_woodlands_5x5_cross,
          nzn_winding_woodlands_center_lodge,
          nzn_winding_woodlands_5x5_closed_star,
          nzn_winding_woodlands_5x5_checkerboard,
          nzn_winding_woodlands_5x15_parted, nzn_winding_woodlands_5x5_default],
          layout_gridlike, nicolae_spider_entry_tight_spaces,
          grunt_forest_small_clearing_treed
Lair:3:   layout_chaotic_city, minmay_swamp_entry_swarm, beast_lair_carwin_3,
          grunt_megastairs_2
Lair:4:   layout_regular_city, beast_lair_carwin_9
Lair:5:   layout_loops_ring, slime_altar_2, serial_bayou_shore_b,
          minmay_lair_oklob_chamber
Lair:6:   guppyfry_lair_end_dragon, layout_small_grid, st_stairs_6,
          hellmonk_guarded_unrand_vines
Swamp:1:  layout_falls_marsh, gammafunk_ghost_necromancy,
          evilmike_swamp_ruin_rubble_2
Swamp:2:  layout_basic_swamp, evilmike_swamp_ruin_house_1
Swamp:3:  nicolae_swamp_decorative_isthmus, layout_basic_swamp,
          infiniplex_staircase_pool
Swamp:4:  swamp_basic_johnstein, layout_basic_swamp, swamp_pool5
Spider:1: layout_chambers, ebering_ghost_disaster_area
Spider:2: layout_spider_delve, nicolae_spider_stair_cavern
Spider:3: layout_spider_delve, nicolae_orb_island, uniq_bai_suzhen
Spider:4: johnstein_spider_rune_arachne_lair, uniq_mara
Orc:1:    layout_caves, nicolae_orc_tapped_out, uniq_snorg
Orc:2:    st_orc_mages, layout_caves, serial_shops, shop,
          nicolae_orc_bridge_out, lightli_orcish_oven
Vaults:1: nicolae_vaults_little_squares_2, vaults_room_grunt_arrival_checkpoint,
          nicolae_vaults_big_ls, hangedman_vaults_trim,
          nicolae_vaults_little_ls, nicolae_vaults_inception_scallops,
          st_spiral_rooms, hangedman_vaults_slice,
          nicolae_vaults_windows_and_doors_thing, nicolae_vaults_network_s,
          grunt_vaults_focal, vaults_dpeg_ring, layout_vaults_omnibox,
          serial_shops, shop, nicolae_shop_temple_entry_statues_fountains,
          nicolae_shop_behind_doors, nicolae_shop_trees, nicolae_lakefront_shop,
          uniq_donald
Depths:1: layout_gridlike, enter_ziggurat_c, abyss_entry, hellmouth_3,
          elyvilon_altar_5, hex_tiny, nicolae_ru_sacrificial_ziggurat

Skill      XL: |  1  2  3  4  5  6  7  8  9 10 11 12 13 14 15 16 17 18 19 |
---------------+----------------------------------------------------------+-----
Long Blades    | 2 3 4 5 6 8 9 10 11 12 13 14 15 16 | 16.0
Armour         | 4 5 6 7 8 10 11 12 13 14 16 17 18 19 20 | 20.2
Shields        | 4 5 6 7 8 10 11 12 13 15 16 17 18 | 18.8
Fighting       | 4 5 6 7 8 9 10 11 12 13 14 | 14.2
Invocations    | 1 4 6 7 8 |  8.3
Evocations     | 3 4 6 |  6.7

Action                   |  1- 3 |  4- 6 |  7- 9 | 10-12 | 13-15 | 16-18 | 19-21 || total
-------------------------+-------+-------+-------+-------+-------+-------+-------++-------
Melee: Long sword        |   103 |   220 |   458 |    28 |    60 |       |       ||   869
       Katana            |       |       |     2 |   454 |  1226 |  1273 |   330 ||  3285
       Unarmed           |       |       |     1 |       |       |       |       ||     1
       Scimitar          |       |       |       |       |    12 |   134 |       ||   146
Invok: Heroism           |       |       |       |       |       |    11 |     5 ||    16
       Finesse           |       |       |       |       |       |     8 |     4 ||    12
Evoke: Tin of tremorston |       |       |       |       |       |     4 |       ||     4
       Lightning rod     |       |       |       |       |       |     1 |       ||     1
  Use: Scroll            |     2 |     4 |     9 |    11 |     7 |     5 |     2 ||    40
       Potion            |       |     2 |     2 |     1 |     5 |     8 |     1 ||    19
Armor: Scale mail        |    47 |    47 |       |       |       |       |       ||    94
       Chain mail        |       |   205 |   510 |    56 |       |       |       ||   771
       Skin              |       |       |     2 |       |       |       |       ||     2
       Plate armour      |       |       |       |   313 |   570 |  1139 |   225 ||  2247
Dodge: Dodged            |    32 |   111 |   208 |   144 |   369 |   570 |   130 ||  1564
Block: Kite shield       |    47 |   169 |   344 |   282 |   803 |  1214 |   296 ||  3155
       Rpst.: Long sword |    12 |    26 |    49 |     2 |     5 |       |       ||    94
       Katana            |       |       |       |    32 |    73 |    75 |    20 ||   200
       Scimitar          |       |       |       |       |       |    10 |       ||    10

Table legend: (Time is in decaauts)
 A = Elapsed time spent in this place.
 B = Non-inter-level travel time spent in this place.
 C = Inter-level travel time spent in this place.
 D = Time resting spent in this place.
 E = Time spent auto-exploring this place.
 F = Levels seen in this place.
 G = Mean time per level.
                   A        B        C        D        E       F      G
               +--------+--------+--------+--------+--------+-----+--------+
         Total |  29141 |  27256 |   1885 |    497 |  19148 |  38 |  766.9 |
       Dungeon |  14016 |  13040 |    976 |     43 |   9861 |  15 |  934.4 |
        Temple |     73 |     73 |      0 |      0 |     54 |   1 |   73.0 |
          Lair |   5348 |   4925 |    423 |      0 |   3719 |   6 |  891.3 |
         Swamp |   2503 |   2382 |    121 |     34 |   1485 |   4 |  625.8 |
   Spider Nest |   4103 |   3900 |    203 |    255 |   2649 |   4 | 1025.8 |
  Orcish Mines |   1570 |   1410 |    160 |     59 |    764 |   2 |  785.0 |
        Vaults |    726 |    726 |      0 |     80 |    418 |   1 |  726.0 |
        Depths |    215 |    215 |      0 |     26 |     52 |   1 |  215.0 |
         Abyss |    248 |    248 |      0 |      0 |      0 |   3 |   82.7 |
         Sewer |    335 |    335 |      0 |      0 |    146 |   1 |  335.0 |
               +--------+--------+--------+--------+--------+-----+--------+

Top non-repeatable levels by time:
     D:3: 1577 daAuts
Spider:1: 1364 daAuts
Spider:4: 1228 daAuts
    D:15: 1109 daAuts
     D:5: 1099 daAuts
     D:1: 1086 daAuts
  Lair:2: 1079 daAuts
     D:9: 1066 daAuts
     D:6: 1053 daAuts
   Orc:2: 999 daAuts
  Lair:6: 964 daAuts
  Lair:3: 920 daAuts
    D:12: 908 daAuts
    D:10: 890 daAuts
Spider:3: 888 daAuts
